 Dungeon Crawl Stone Soup version 0.30-a0-715-gdb4ae3ece1 (webtiles) character file.

Game seed: 15527820531674284969

88 Darius099 the Covered (level 4, -9/29 HPs)
             Began as a Gargoyle Fighter on Jan 23, 2023.
             Mangled by an ogre
             ... wielding a +0 giant club
              (23 damage)
             ... on level 3 of the Dungeon.
             The game lasted 00:03:40 (1931 turns).

Darius099 the Covered (Gargoyle Fighter)            Turns: 1931, Time: 00:03:41

Health: -9/29      AC: 16    Str: 19    XL:     4   Next: 53%
Magic:  4/4        EV:  5    Int:  9    God:
Gold:   124        SH:  4    Dex: 11    Spells: 3/3 levels left

rFire   . . .      SeeInvis .    a - +0 flail
rCold   . . .      Faith    .    c - +0 buckler
rNeg    + . .      Spirit   .    b - +0 plate armour
rPois   ∞          Reflect  .    (no helmet)
rElec   +          Harm     .    n - +0 cloak
rCorr   .          Rampage  .    (no gloves)
Will    .....                    (no boots) Stlth
                                 (no amulet)
HPRegen 0.24/turn                (no ring)
MPRegen 0.09/turn                (no ring)

@: no status effects
A: sickness immunity, AC +3, negative energy resistance 1, electricity
resistance, torment resistance 1, petrification resistance
a: no special abilities


You were on level 3 of the Dungeon.
You visited 1 branch of the dungeon, and saw 3 of its levels.

You collected 124 gold pieces.

Inventory:

Hand Weapons
 a - a +0 flail (weapon)
 o - a +0 morningstar
Armour
 b - a +0 plate armour (worn)
 c - a +0 buckler (worn)
 n - a +0 cloak (worn)
Jewellery
 r - an amulet of regeneration
Scrolls
 e - a scroll of fear {unknown}
 g - a scroll of vulnerability {unknown}
 i - a scroll of amnesia {unknown}
 k - 3 scrolls of identify {unknown}
 l - a scroll of silence {unknown}
 m - 3 scrolls of teleportation {unknown}
 q - a scroll of torment {unknown}
 s - a scroll of enchant armour {unknown}
Potions
 d - a potion of might
 f - a potion of curing {unknown}
 h - a potion of haste {unknown}
 j - 2 potions of brilliance {unknown}
 p - 2 potions of ambrosia {unknown}


   Skills:
 + Level 4.0 Fighting
 + Level 2.9 Maces & Flails
 + Level 4.0 Armour
 + Level 4.0 Shields


You had 3 spell levels left.
You didn't know any spells.
Your spell library contained the following spells:

 Spells                   Type           Power      Damage    Failure   Level
 Apportation              Tloc           0%         N/A       100%        1
 Alistair's Intoxication  Tmut/Pois      0%         N/A       100%        5


Dungeon Overview and Level Annotations

Branches:
Dungeon (3/15)

Altars:
Makhleb
Xom


Innate Abilities, Weirdness & Mutations

You are immune to sickness and miasma.
Your stone body is resilient. (AC +3)
You are immune to poison.
You resist negative energy. (rN+)
You are resistant to electric shocks. (rElec)
You are resistant to unholy torment.
You are immune to petrification.


Message History

You hit the crimson imp but do no damage.
The crimson imp hits you with a +2 dagger of chaos.
You hit the crimson imp.
The crimson imp is moderately wounded.
The crimson imp hits you but does no damage.
The crimson imp hits you with a +2 dagger of chaos.
The crimson imp burns you.
You sock the crimson imp!
You kill the crimson imp!
Your Fighting skill increases to level 4!
Your Armour skill increases to level 4!
Your Shields skill increases to level 4!
You have reached level 4!
You feel clever.
You start resting.
HP restored.
There is an open door here.
You see here a +2 dagger of chaos.
Found an escape hatch in the floor.
An ogre comes into view. It is wielding a +0 giant club.
The ogre shouts!
The ogre moves out of view.
You see here a +0 robe.
There is an open door here.
You see here a +2 dagger of chaos.
You hit the ogre.
The ogre is lightly wounded.
The ogre hits you with a +0 giant club!
Ouch! That really hurt!
You barely miss the ogre.
The ogre is lightly wounded.
The ogre closely misses you.
You hit the ogre but do no damage.
The ogre is lightly wounded.
You block the ogre's attack.
You barely miss the ogre.
The ogre is lightly wounded.
The ogre hits you with a +0 giant club!!
Ouch! That really hurt!
You die...

#.......#.##.#.#
..#####.#....#.# .###
#.###....# .....#......###
.. ........>...###.#
..##...#######.....###
.......#_._# #........
.......#...###..###### .
..........#.@.##.†.####....
.... ......##O##...<.....#
..#.. #........###..####
....O# #.............#
......# #..<...........#
.......##.........###..#
.................... ...
.......[#........####....
#.................. ..#..


You could see an ogre.

Vanquished Creatures
  A crimson imp (D:3)
  3 worms
  A dart slug (D:2)
  4 ball pythons
  2 bats
  An endoplasm (D:1)
  2 giant cockroaches (D:2)
  6 goblins
  2 hobgoblins
  6 jackals
  3 quokkas
  3 frilled lizards (D:2)
  3 kobolds
  2 rats (D:2)
39 creatures vanquished.

Notes
Turn   | Place    | Note
-------+----------+-------------------------------------------
     0 | D:1      | Darius099 the Gargoyle Fighter began the quest for the Orb.
     0 | D:1      | Reached XP level 1. HP: 14/14 MP: 1/1
   299 | D:1      | Reached XP level 2. HP: 19/19 MP: 2/2
   534 | D:1      | Found a faded altar of an unknown god.
   996 | D:2      | Reached XP level 3. HP: 23/23 MP: 3/3
  1050 | D:2      | You fall into a shaft and drop 1 floor!
  1821 | D:3      | Found a shimmering altar of Xom.
  1821 | D:3      | Found a burning altar of Makhleb.
  1841 | D:3      | Reached XP level 4. HP: 12/29 MP: 4/4
  1915 | D:3      | Noticed an ogre
  1931 | D:3      | Mangled by an ogre

Illustrated notes

Levels and vault maps discovered:
D:1:      nicolae_arrival_somewhat_less_tricky_arrival, layout_loops_ring,
          basic_ecumenical_altar, bh_walls_and_bars
D:2:      minmay_general_purpose_star, layout_basic, minmay_misc_feat_roman
D:3:      layout_rooms, minitemple, grunt_temple_overflow_champion_of_chaos

Skill      XL: |  1  2  3 |
---------------+----------+-----
Fighting       | 4 |  4.0
Armour         | 4 |  4.0
Shields        | 4 |  4.0
Maces & Flails | |  2.9

Action                     |  1- 3 |  4- 6 || total
---------------------------+-------+-------++-------
  Melee: Flail             |   145 |     4 ||   149
 Armour: Scale mail        |    28 |       ||    28
         Plate armour      |    60 |       ||    60
  Dodge: Dodged            |    53 |     1 ||    54
  Block: Buckler           |    33 |     1 ||    34

Table legend: (Time is in decaauts)
 A = Elapsed time spent in this place.
 B = Non-inter-level travel time spent in this place.
 C = Inter-level travel time spent in this place.
 D = Time resting spent in this place.
 E = Time spent auto-exploring this place.
 F = Levels seen in this place.
 G = Mean time per level.
                   A        B        C        D        E       F      G
               +--------+--------+--------+--------+--------+-----+--------+
         Total |   1977 |   1864 |    113 |     72 |   1303 |   3 |  659.0 |
       Dungeon |   1977 |   1864 |    113 |     72 |   1303 |   3 |  659.0 |
               +--------+--------+--------+--------+--------+-----+--------+

Top non-repeatable levels by time:
     D:1: 989 daAuts
     D:2: 827 daAuts
     D:3: 161 daAuts
